 Dungeon Crawl Stone Soup version 0.23-a0-78-gc252fe1 (webtiles) character file.

205 galech the Skirmisher (level 5, 30/42 HPs)
             Began as a Demonspawn Berserker on Aug 10, 2018.
             Was a Believer of Trog.
             Starved to death
             ... on level 3 of the Dungeon.
             The game lasted 00:03:16 (2234 turns).

galech the Skirmisher (Demonspawn Berserker)        Turns: 2234, Time: 00:03:17

Health: 30/42      AC: 13    Str: 17    XL:     5   Next: 52%
Magic:  5/5        EV:  6    Int:  8    God:    Trog [**....]
Gold:   80         SH:  0    Dex: 14    Spells: 4/4 levels left

rFire    . . .     SeeInvis .   j - +3 whip
rCold    . . .     Gourm    .   (no shield)
rNeg     . . .     Faith    .   o - +0 plate armour
rPois    +         Spirit   .   (no helmet)
rElec    .         Reflect  .   (no cloak)
rCorr    .         Harm     .   (no gloves)
MR       .....                  (no boots)
Stlth    ..........             (no amulet)
HPRegen  0.14/turn              i - ring of poison resistance
MPRegen  0.09/turn              (no ring)

@: fainting
A: icy blue scales 1, nightstalker 2
a: Berserk, Trog's Hand, Renounce Religion


You were on level 3 of the Dungeon.
You worshipped Trog.
Trog was pleased with you.
You were fainting.

You visited 1 branch of the dungeon, and saw 3 of its levels.

You collected 80 gold pieces.

Inventory:

Hand Weapons
 a - a +0 hand axe
 j - a +3 whip (weapon)
Armour
 b - a +0 animal skin
 o - a +0 plate armour (worn)
Jewellery
 i - a ring of poison resistance (left hand)
Scrolls
 d - 2 scrolls of identify {unknown}
 e - a scroll of teleportation {unknown}
 g - a scroll of immolation {unknown}
 k - a scroll of fog {unknown}
 m - 2 scrolls of remove curse {unknown}
 n - a scroll of magic mapping {unknown}
Potions
 f - a potion of flight {unknown}
 h - a potion of might {unknown}
 l - a potion of haste {unknown}
 p - a potion of magic {unknown}


   Skills:
 + Level 3.7 Fighting
 + Level 3.3(3.6) Axes
 + Level 2.2(3.1) Maces & Flails
 + Level 2.5 Armour
 + Level 2.4 Dodging
 + Level 1.8 Stealth


You had 4 spell levels left.
You didn't know any spells.
Your spell library was empty.

Dungeon Overview and Level Annotations

Branches:
Dungeon (3/15)

Altars:
Wu Jian


Innate Abilities, Weirdness & Mutations

You are partially covered in icy blue scales. (AC +2)
You are significantly more attuned to the shadows.


Message History

The hungry ghost hits you.
You feel slightly more hungry.
You hit the hungry ghost.
The hungry ghost is almost destroyed.
The hungry ghost hits you.
You feel slightly more hungry.
You closely miss the hungry ghost.
The hungry ghost is almost destroyed.
The hungry ghost hits you.
You feel slightly more hungry.
You hit the hungry ghost.
You destroy the hungry ghost!
Trog accepts your kill.
Your base Maces & Flails skill increases to level 2!
You have reached level 5!
You need to eat something NOW!
You lose consciousness!
You can move again.
You lose consciousness!
Found a stone staircase leading up.
You can move again.
You have starved to death.
You die...

...## ##...##
.....# ...#
#.###..###.
#.<..@.....
#####.##### #.#
#+# #.# #.# #.#
#.# #### #.#
#######.###...
#.#
#........##<##
#.###.###.....#.#
#.....# #....##.#


There were no monsters in sight!

Vanquished Creatures
  A hungry ghost (D:3)
  An adder (D:2)
  An ooze (D:1)
  A worm (D:2)
  A dart slug (D:2)
  A leopard gecko (D:1)
  2 giant cockroaches (D:1)
  6 goblins
  6 hobgoblins
  10 jackals
  2 quokkas (D:2)
  2 ball pythons (D:1)
  5 bats
  2 frilled lizards (D:2)
  8 kobolds
  5 rats (D:1)
54 creatures vanquished.

Notes
Turn   | Place    | Note
-------+----------+-------------------------------------------
     0 | D:1      | galech the Demonspawn Berserker began the quest for the Orb.
     0 | D:1      | Reached XP level 1. HP: 18/18 MP: 1/1
   358 | D:1      | Gained mutation: You are slightly more attuned to the shadows. [demonic ancestry]
   358 | D:1      | Reached XP level 2. HP: 18/24 MP: 2/2
   972 | D:1      | Gained mutation: You are significantly more attuned to the shadows. [demonic ancestry]
   972 | D:1      | Reached XP level 3. HP: 29/29 MP: 3/3
  1251 | D:2      | Reached ** piety under Trog
  1425 | D:2      | Found a faded altar of an unknown god.
  1601 | D:2      | Reached skill level 1 in Maces & Flails
  1602 | D:2      | Reached skill level 1 in Stealth
  1831 | D:2      | Gained mutation: You are partially covered in icy blue scales. (AC +2) [demonic ancestry]
  1831 | D:2      | Reached XP level 4. HP: 35/35 MP: 4/4
  2063 | D:2      | Found an ornate altar of the Wu Jian Council.
  2171 | D:3      | Noticed a hungry ghost
  2211 | D:3      | Killed a hungry ghost
  2211 | D:3      | Reached XP level 5. HP: 27/42 MP: 5/5
  2212 | D:3      | Paralysed by fainting for 7 turns
  2226 | D:3      | Paralysed by fainting for 7 turns
  2234 | D:3      | Starved to death

Vault maps used:
D:1:      scummos_arrival_checkerplants
D:2:      lemuel_doored_altar, chequers_ecumenical_altar_simple_redux
D:3:      nicolae_qazlal_style_of_elements, uniq_robin

Skill      XL: |  1  2  3  4 |
---------------+-------------+-----
Armour         | 2 |  2.5
Axes           | 3 |  3.3
Dodging        | 2 |  2.4
Maces & Flails | 1 2 |  2.2
Stealth        | 1 |  1.8
Fighting       | |  3.7

Action                   |  1- 3 |  4- 6 || total
-------------------------+-------+-------++-------
Melee: Hand axe          |    24 |       ||    24
       Whip              |   118 |    43 ||   161
Invok: Berserk           |     1 |       ||     1
 Stab: Sleeping          |    10 |     1 ||    11
       Distracted        |     1 |       ||     1
  Eat: Chunk             |     4 |     1 ||     5
       Ration            |       |     3 ||     3
Armor: Animal skin       |    23 |       ||    23
       Plate armour      |       |    23 ||    23
Dodge: Dodged            |    91 |    12 ||   103

Table legend:
 A = Non-vault XP
 B = Vault XP
 C = Vault XP percentage of total XP
 D = Non-vault monster count
 E = Vault monster count
 F = Vault count percentage of total count
 G = Total turns spent on level
                 A         B        C        D         E       F
            +---------+---------+-------+---------+---------+-------
      Total |     293 |       0 |   0.0 |      54 |       0 |   0.0
            +---------+---------+-------+---------+---------+-------
        D:1 |      51 |       0 |   0.0 |      30 |       0 |   0.0
        D:2 |      56 |       0 |   0.0 |      23 |       0 |   0.0
        D:3 |     186 |       0 |   0.0 |       1 |       0 |   0.0
            +---------+---------+-------+---------+---------+-------
